 Dungeon Crawl Stone Soup version 0.23.2-1-ga50397a6bc (webtiles) character file.

Game seed: 8631992554348182574

492 Ishchenko the Covered (level 7, -1/53 HPs)
             Began as a Human Fighter on Apr 14, 2019.
             Was a Follower of Okawaru.
             Succumbed to a water moccasin's poison
             ... on level 5 of the Dungeon.
             The game lasted 00:18:06 (1918 turns).

Ishchenko the Covered (Human Fighter)               Turns: 1918, Time: 00:18:07

Health: -1/53      AC: 11    Str: 18    XL:     7   Next: 37%
Magic:  7/7        EV:  8    Int: 13    God:    Okawaru [*.....]
Gold:   87         SH:  0    Dex: 13    Spells: 6/6 levels left

rFire    . . .     SeeInvis .   d - +0 battleaxe
rCold    + . .     Gourm    .   (shield currently unavailable)
rNeg     + . .     Faith    .   r - +2 chain mail of the Prince of Darkness {rN+}
rPois    .         Spirit   .   (no helmet)
rElec    .         Reflect  .   (no cloak)
rCorr    .         Harm     .   (no gloves)
MR       .....                  (no boots)
Stlth    ..........             e - amulet of regeneration
HPRegen  0.57/turn              k - ring of protection from cold
MPRegen  0.10/turn              (no ring)

@: brilliant, lethally poisoned (-1 -> -15), very slightly contaminated, hasted,
invisible, very quick
A: no striking features
a: Heroism, Renounce Religion


You were on level 5 of the Dungeon.
You worshipped Okawaru.
Okawaru was aware of your devotion.
You were not hungry.

You visited 2 branches of the dungeon, and saw 5 of its levels.

You collected 87 gold pieces.

Inventory:

Hand Weapons
 a - a +0 long sword
 d - a +0 battleaxe (weapon)
Armour
 b - a +0 scale mail
 c - a +0 shield
 p - a +0 chain mail
 r - the +2 chain mail of the Prince of Darkness (worn) {rN+}
   (You found it on level 5 of the Dungeon)

   It protects you from negative energy.
Jewellery
 e - an amulet of regeneration (around neck)
 k - a ring of protection from cold (left hand)
Scrolls
 g - a scroll of amnesia {unknown}
 i - 2 scrolls of identify {unknown}
 j - a scroll of enchant armour {unknown}
 l - a scroll of immolation {unknown}
Potions
 q - a potion of curing {unknown}
Comestibles
 f - 5 rations
 n - 3 chunks of flesh


   Skills:
 + Level 3.8 Fighting
 + Level 4.5 Long Blades
 + Level 4.8 Armour
 + Level 1.5 Dodging
 + Level 0.4 Stealth
 + Level 4.3 Shields


You had 6 spell levels left.
You didn't know any spells.
Your spell library was empty.

Dungeon Overview and Level Annotations

Branches:
Dungeon (5/15)             Temple (1/1) D:4

Altars:
Cheibriados
Dithmenos
Elyvilon
Fedhas
Gozag
Kikubaaqudgha
Makhleb
Nemelex Xobeh
Okawaru
Qazlal
Ru
Sif Muna
Uskayaw
Vehumet
Wu Jian
Xom
Yredelemnul
Zin


Message History

The water moccasin is heavily wounded.
You feel very sick. The water moccasin bites you!
* * * LOW HITPOINT WARNING * * *
The water moccasin bites you but does no damage.
Some of the chunks of flesh in your inventory have rotted away.
You feel sick.
It was a potion of haste.
You feel yourself speed up.
You feel sick.
The water moccasin bites you but does no damage. x2
It was a potion of brilliance.
You feel clever all of a sudden.
You feel sick.
It was a potion of invisibility.
You fade into invisibility!
You feel sick. The water moccasin bites you!
* * * LOW HITPOINT WARNING * * *
You are more poisoned.
The water moccasin poisons you!
You are very lightly contaminated with residual magic.
You die...

........#..#
#######..#..#
...........#
#####..##.#
#..##.#
#..##.#
#..##.#
##.#######..#
.#
.......S.@..#
.#
.....######.#
... #.# # .#
.# ##


You could see a water moccasin.

Vanquished Creatures
  A sky beast (D:5)
  An ogre (D:5)
  A phantom (D:4)
  A howler monkey (D:4)
  A bullfrog skeleton (D:4)
  3 orc wizards (D:5)
  A centaur skeleton (D:4)
  3 adders
  A dart slug (D:1)
  5 orcs (D:5)
  2 giant cockroaches
  3 hobgoblins (D:1)
  2 jackals (D:1)
  2 quokkas (D:5)
  A ball python (D:1)
  A bat (D:1)
  A frilled lizard (D:1)
  A kobold (D:1)
  2 rats (D:1)
33 creatures vanquished.

Notes
Turn   | Place    | Note
-------+----------+-------------------------------------------
     0 | D:1      | Ishchenko the Human Fighter began the quest for the Orb.
     0 | D:1      | Reached XP level 1. HP: 18/18 MP: 1/1
   208 | D:1      | Reached XP level 2. HP: 19/24 MP: 2/2
   744 | D:2      | Reached XP level 3. HP: 12/29 MP: 3/3
   824 | D:2      | Found a deep blue altar of Sif Muna.
   860 | D:2      | You fall through a shaft for 2 floors!
   860 | D:4      | Found a staircase to the Ecumenical Temple.
   889 | Temple   | Entered the Ecumenical Temple
   955 | Temple   | Became a worshipper of Warmaster Okawaru
  1242 | D:4      | HP: 1/29 [centaur skeleton (2)]
  1329 | D:4      | Found a glowing silver altar of Zin.
  1363 | D:4      | Reached XP level 4. HP: 35/35 MP: 4/4
  1369 | D:4      | Noticed a phantom
  1398 | D:4      | Killed a phantom
  1398 | D:4      | Reached skill level 1 in Dodging
  1398 | D:4      | Reached XP level 5. HP: 17/41 MP: 5/5
  1539 | D:4      | Found a shimmering altar of Xom.
  1540 | D:4      | Found a shimmering altar of Xom.
  1572 | D:4      | Found a shimmering altar of Xom.
  1572 | D:4      | Found a shimmering altar of Xom.
  1572 | D:4      | Found a shimmering altar of Xom.
  1572 | D:4      | Found a shimmering altar of Xom.
  1572 | D:4      | Found a shimmering altar of Xom.
  1639 | D:4      | Reached * piety under Okawaru
  1639 | D:4      | Reached XP level 6. HP: 47/47 MP: 6/6
  1670 | D:5      | Entered Level 5 of the Dungeon
  1755 | D:5      | Found a white marble altar of Elyvilon.
  1763 | D:5      | Noticed a sky beast
  1789 | D:5      | Killed a sky beast
  1789 | D:5      | Reached XP level 7. HP: 24/53 MP: 7/7
  1876 | D:5      | Got a steaming chain mail
  1887 | D:5      | Identified the +2 chain mail of the Prince of Darkness
                  | {rN+} (You found it on level 5 of the Dungeon)
  1896 | D:5      | Noticed a water moccasin
  1917 | D:5      | HP: 1/53 [water moccasin (7)]
  1918 | D:5      | Succumbed to a water moccasin's poison

Skill      XL: |  1  2  3  4  5  6 |
---------------+-------------------+-----
Long Blades    | 3 4 |  4.5
Dodging        | 1 |  1.5
Shields        | 4 |  4.3
Armour         | 4 |  4.8
Fighting       | |  3.8
Stealth        | |  0.4

Action                   |  1- 3 |  4- 6 |  7- 9 || total
-------------------------+-------+-------+-------++-------
Melee: Long sword        |    98 |    74 |     3 ||   175
       Battleaxe         |       |       |    24 ||    24
  Use: Scroll            |     2 |       |       ||     2
       Potion            |     1 |     1 |     3 ||     5
  Eat: Ration            |     1 |       |       ||     1
Armor: Scale mail        |    48 |    35 |     7 ||    90
       Chain mail        |       |       |    14 ||    14
Dodge: Dodged            |    32 |    12 |    24 ||    68
Block: Shield            |    50 |    22 |     2 ||    74
       Rpst.: Long sword |    12 |     6 |       ||    18
